Map: 16-Bit LE

Players

Lambo - Winner!

  • Race: Zerg Zerg
  • League: Master
  • Spawn Location: 1:00

HeRoMaRinE

  • Race: Terran Terran
  • League: Master
  • Spawn Location: 7:00

Event: HomeStory Cup XVII

VOD

Have the link to the VOD?

Description

Time

  • Played on: June 30, 2018, 10:37 a.m.
  • Length: 11:03

All games in this series

Show
View Real Time Build Order
Export as new Build Order

Lambo Zerg - Winner!

Build Orders: Hatch First, Swarm Host 

Get SALT Encoding   

  12  0:00  Drone  
  13  0:13  Overlord  
  13  0:17  Drone  
  14  0:32  Drone x2  
  16  0:51  Hatchery  
  16  0:53  Drone  
  16  0:56  Drone  
  17  1:00  Drone  
  18  1:10  Extractor  
  17  1:15  Spawning Pool  
  16  1:19  Drone  
  16  1:22  Drone  
  18  1:29  Drone  
  19  1:40  Drone  
  20  1:51  Overlord  
  20  2:03  Zergling x4, Queen x2  
  26  2:10  Metabolic Boost  
  26  2:12  Drone  
  26  2:15  Drone  
  29  2:22  Drone  
  29  2:25  Drone  
  30  2:33  Drone  
  31  2:46  Hatchery  
  31  2:49  Pneumatized Carapace  
  30  2:51  Drone  
  30  2:55  Overlord  
  31  2:58  Drone  
  31  3:04  Drone  
  33  3:10  Drone x2  
  35  3:13  Drone  
  35  3:19  Drone x2, Queen  
  38  3:22  Overlord  
  38  3:25  Drone  
  41  3:29  Drone x2  
  43  3:39  Queen  
  45  3:43  Zergling x4  
  45  3:44  Baneling Nest  
  45  3:45  Zergling x2  
  47  3:53  Drone x2  
  47  3:55  Queen  
  49  3:57  Overlord, Drone  
  52  4:03  Drone x2  
  52  4:07  Overlord  
  54  4:10  Overlord  
  54  4:15  Drone, Queen  
  58  4:17  Drone  
  58  4:20  Drone  
  58  4:21  Queen  
  58  4:24  Drone  
  63  4:27  Spore Crawler  
  63  4:30  Zergling x6  
  65  4:33  Zergling x4  
  65  4:36  Zergling x4  
  68  4:42  Drone  
  67  4:47  Spore Crawler  
  67  4:50  Drone x2  
  67  4:52  Queen  
  68  4:56  Overlord  
  68  4:59  Drone x2  
  72  5:00  Queen  
  72  5:05  Drone  
  72  5:06  Zergling x4  
  72  5:07  Zergling x2  
  78  5:13  Zergling x4  
  80  5:19  Zergling x4  
  80  5:21  Roach Warren  
  81  5:22  Drone x4  
  81  5:28  Zergling x8  
  89  5:30  Overlord  
  89  5:33  Drone  
  90  5:36  Overlord  
  89  5:44  Overlord, Drone  
  89  5:46  Overlord  
  89  5:47  Drone  
  89  5:50  Drone  
  89  5:52  Extractor x2  
  89  5:53  Evolution Chamber  
  89  5:54  Drone x2  
  89  5:55  Evolution Chamber  
  88  5:58  Lair  
  88  6:01  Drone  
  88  6:02  Drone x3  
  88  6:04  Drone  
  93  6:05  Drone  
  93  6:11  Hatchery  
  93  6:12  Drone  
  93  6:13  Drone  
  93  6:15  Overlord  
  95  6:18  Extractor  
  95  6:19  Zerg Missile Weapons Level 1, Drone x3  
  95  6:20  Extractor  
  95  6:22  Drone x2  
  95  6:23  Drone  
  99  6:27  Drone x2  
  99  6:28  Drone  
  99  6:29  Drone  
  99  6:31  Drone x2  
  104  6:35  Extractor, Drone  
  104  6:38  Drone x2  
  105  6:45  Overlord  
  105  6:48  Overlord  
  93  6:55  Roach x7  
  93  6:58  Roach  
  106  7:05  Infestation Pit, Roach  
  106  7:06  Glial Reconstitution, Roach x2  
  106  7:07  Overseer  
  111  7:13  Roach x3  
  111  7:15  Zerg Ground Armor Level 1  
  117  7:17  Drone x2  
  119  7:22  Overseer  
  119  7:24  Overlord  
  119  7:25  Overlord  
  119  7:29  Queen  
  121  7:33  Roach x3  
  121  7:34  Overlord x2  
  127  7:39  Overlord, Drone  
  127  7:40  Spore Crawler  
  127  7:44  Overlord  
  127  7:46  Overlord  
  127  7:49  Extractor, Drone x2  
  127  7:50  Spine Crawler, Drone  
  128  7:51  Extractor  
  128  7:58  Swarm Host x7  
  148  8:05  Swarm Host  
  148  8:06  Swarm Host x2  
  148  8:10  Swarm Host  
  160  8:24  Swarm Host x3  
  160  8:26  Swarm Host  
  165  8:34  Zerg Missile Weapons Level 2  
  165  8:42  Swarm Host x2  
  165  8:45  Drone x2  
  165  8:47  Swarm Host  
  176  8:50  Swarm Host  
  179  9:01  Hatchery, Roach x10  
  198  9:04  Overlord  
  198  9:07  Overlord x2  
  198  9:14  Overlord  
  194  9:18  Overlord x2  
  194  9:21  Overlord  
  194  9:25  Ravager x4  
  194  9:28  Overlord  
  198  9:36  Roach  
  196  9:38  Roach  
  196  9:39  Roach x2  
  196  9:41  Roach x7  
  198  9:51  Roach  
  185  10:02  Roach x8  
  185  10:05  Roach x2  
  196  10:07  Roach  
  196  10:11  Ravager  
  199  10:15  Hydralisk Den  
  199  10:28  Ravager  
  199  10:35  Roach  
Show
View Real Time Build Order
Export as new Build Order

HeRoMaRinE Terran 

Build Orders: Gas First Reaper Expand, Reaper Expand, Mech 

Get SALT Encoding   

  12  0:00  SCV  
  13  0:13  SCV  
  14  0:17  Supply Depot  
  14  0:25  SCV  
  15  0:29  Refinery  
  15  0:39  SCV  
  16  0:45  Barracks  
  16  0:51  SCV  
  17  1:03  SCV  
  18  1:15  SCV  
  19  1:32  Orbital Command, Reaper  
  20  1:46  Command Center  
  20  1:57  Factory  
  20  2:00  SCV  
  21  2:07  Barracks Reactor  
  21  2:13  SCV  
  22  2:17  Refinery  
  22  2:18  Supply Depot  
  22  2:25  SCV  
  23  2:40  SCV  
  23  2:43  Hellion  
  26  2:45  Starport, Marine x2  
  28  2:52  SCV  
  28  2:58  Orbital Command  
  29  3:04  SCV  
  29  3:05  Marine, Factory Tech Lab  
  30  3:09  Marine  
  32  3:16  SCV  
  33  3:23  Marine, Medivac  
  33  3:26  SCV  
  37  3:27  Marine  
  37  3:28  SCV  
  39  3:34  Supply Depot  
  39  3:38  SCV  
  39  3:40  SCV  
  39  3:41  Marine  
  41  3:44  Siege Tank  
  41  3:45  Marine  
  46  3:56  SCV x2  
  46  3:58  Supply Depot, Medivac  
  46  4:01  Marine  
  51  4:03  Marine  
  51  4:05  Supply Depot  
  53  4:10  SCV x2  
  54  4:19  Marine  
  54  4:20  Siege Tank, Marine  
  54  4:22  SCV x2  
  61  4:30  Medivac  
  63  4:34  SCV x2  
  65  4:46  SCV x2  
  65  4:48  Marine x2  
  69  4:56  Command Center  
  69  4:58  SCV x2  
  71  5:10  SCV x2  
  71  5:11  Armory  
  71  5:12  Refinery x2, Supply Depot  
  73  5:16  Barracks Tech Lab  
  73  5:18  Hellion  
  73  5:19  Hellion  
  77  5:22  SCV x2  
  79  5:34  SCV x2  
  78  5:40  Hellion x2  
  81  5:47  SCV x2  
  68  5:53  Factory  
  68  5:57  Factory  
  68  5:59  Starport Reactor, SCV  
  68  6:00  SCV  
  68  6:01  Hellion x2  
  68  6:04  Terran Vehicle Weapons Level 1  
  74  6:12  Refinery, SCV x2  
  74  6:14  Refinery  
  68  6:23  Hellion x2  
  68  6:24  SCV x2  
  70  6:36  SCV x2  
  71  6:43  Thor x2  
  71  6:44  Hellion x2  
  71  6:46  Hellion  
  71  6:47  Orbital Command, Hellion x3  
  87  6:48  SCV  
  87  6:58  SCV  
  87  6:59  Refinery x2  
  87  7:00  SCV  
  89  7:03  Factory x2  
  89  7:08  Infernal Pre-Igniter  
  89  7:10  SCV  
  89  7:12  SCV  
  89  7:13  SCV  
  92  7:17  Supply Depot x2  
  92  7:22  SCV  
  93  7:24  SCV  
  93  7:25  SCV, Medivac x2  
  93  7:26  Hellion  
  93  7:27  Hellion  
  103  7:34  SCV  
  103  7:36  SCV  
  105  7:39  SCV  
  105  7:40  Siege Tank, Supply Depot  
  105  7:41  Siege Tank  
  105  7:42  Supply Depot  
  112  7:46  SCV  
  112  7:48  Factory Reactor, SCV, Factory Tech Lab  
  112  7:51  SCV  
  115  7:54  Engineering Bay  
  115  7:58  SCV, Hellion  
  117  7:59  Hellion  
  117  8:05  Supply Depot  
  120  8:08  Siege Tank  
  120  8:11  Viking x2  
  120  8:12  Siege Tank  
  130  8:13  Siege Tank  
  133  8:24  Hellion x7  
  133  8:25  Hellion  
  133  8:30  Hellion  
  133  8:31  Hellion x2  
  139  8:37  Supply Depot  
  139  8:38  Supply Depot  
  139  8:39  Terran Vehicle Weapons Level 2  
  139  8:40  Siege Tank  
  139  8:41  Command Center  
  142  8:44  Siege Tank  
  142  8:47  Medivac  
  147  8:49  Hellion  
  147  8:54  Supply Depot  
  149  8:58  Hellion, Medivac  
  149  9:02  Hellion x2  
  157  9:04  Hellion  
  159  9:12  Siege Tank  
  159  9:13  Hellion  
  159  9:16  Hellion  
  154  9:20  Hellion  
  154  9:22  Viking  
  154  9:23  Hellion  
  160  9:28  Viking  
  162  9:37  Siege Tank  
  155  9:41  Siege Tank  
  155  9:43  Hellion x2  
  155  9:44  Siege Tank  
  158  9:47  SCV x3  
  158  9:50  Supply Depot x2  
  151  9:57  Hellion  
  151  9:58  Hellion  
  155  10:03  SCV x3  
  140  10:09  Siege Tank  
  140  10:10  Hellion x2  
  140  10:13  Siege Tank  
  150  10:15  SCV  
  150  10:16  Siege Tank  
  150  10:17  SCV x2  
  160  10:21  Hellion x2  
  160  10:27  SCV  
  161  10:32  Hellion x2  
Tags
 
Add a new tag
Caveats
  • Supply blocks, unpowered buildings, or Contaminate may cause inaccurate times.
  • Supply counts are checked every 10 seconds.